 Dungeon Crawl Stone Soup version 0.19.1 (webtiles) character file.

62 Furrybunnyboi the Sneak (level 3, 0/16 HPs)
             Began as a Spriggan Enchanter on Dec 15, 2016.
             Slain by a worker ant (3 damage)
             ... on level 4 of the Dungeon.
             The game lasted 00:14:14 (1786 turns).

Furrybunnyboi the Sneak (Spriggan Enchanter)        Turns: 1786, Time: 00:14:15

Health: 0/16       AC:  3    Str:  4    XL:     3   Next: 85%
Magic:  6/9        EV: 19    Int: 17    God:
Gold:   68         SH:  0    Dex: 16    Spells: 3 memorised, 1 level left

rFire  . . .     SeeInvis +     a - +1 dagger
rCold  . . .     Gourm    .     b - +1 robe
rNeg   . . .     Faith    .     (shield restricted)
rPois  .         Spirit   .     (helmet restricted)
rElec  .         Reflect  .     (no cloak)
rCorr  .         Harm     .     (gloves unavailable)
MR     .....                    (boots unavailable)
Stlth  +++.......               (no amulet)
                                (no ring)
                                (no ring)

@: lethally poisoned (0 -> -12), very quick
A: unfitting armour, see invisible, herbivore 3, speed 3, slow metabolism 2
a: no special abilities


You were on level 4 of the Dungeon.
You were not hungry.

You visited 1 branch of the dungeon, and saw 4 of its levels.

You collected 68 gold pieces.

Inventory:

Hand Weapons
 a - a +1 dagger (weapon)
 f - a +0 trident
 h - a +0 dagger
 i - a +0 dagger
 j - a -1 dagger
 l - a +0 long sword
Missiles
 e - 21 sling bullets
 k - a throwing net (quivered)
Armour
 b - a +1 robe (worn)
Scrolls
 m - a scroll of remove curse
 o - a scroll of identify
Potions
 n - 2 potions of might {unknown}
Books
 c - a book of Maledictions

   Spells                             Type                      Level
   a - Corona                         Hexes                        1
   b - Ensorcelled Hibernation        Hexes/Ice                    2
   c - Confuse                        Hexes                        3
   d - Tukima's Dance                 Hexes                        3
   e - Dazzling Spray                 Conjuration/Hexes            3
Comestibles
 d - 2 bread rations
 g - 5 fruits


   Skills:
 + Level 0.2 Fighting
 + Level 2.1 Short Blades
 + Level 3.5 Dodging
 + Level 4.9 Stealth
 + Level 3.5 Spellcasting
 + Level 4.1 Hexes


You had one spell level left.
You knew the following spells:

 Your Spells              Type           Power        Failure   Level  Hunger
a - Dazzling Spray        Conj/Hex       ##....       24%         3    ###....
b - Ensorcelled Hibernat  Hex/Ice        ##....       14%         2    ##.....
c - Tukima's Dance        Hex            ###.....     10%         3    ###....


Dungeon Overview and Level Annotations

Branches:
Dungeon (4/15)
 Temple: D:4-7

Altars:

Annotations:
D:4 Blork the orc; miniman03's ghost, amateur MfAs


Innate Abilities, Weirdness & Mutations

You are very small and have problems with some larger weapons.
You are too small for most types of armour.
You have supernaturally acute eyesight. (SInv)
You are a herbivore.
You cover ground extremely quickly.
You need consume almost no food.


Message History

The phantom barely misses you. The phantom completely misses you.
Found a scroll of identify.
You see here a bread ration.
A worker ant comes into view.
You see here a scroll of identify.
o - a scroll of identify Miniman03's ghost tries to sneak away.
The phantom blinks!
The phantom blinks!
The worker ant twitches its antennae in your direction.
The worker ant misses you.
Miniman03's ghost screams, "You will join me soon!"
The worker ant bites you.
* * * LOW HITPOINT WARNING * * *
You are lethally poisoned!
The worker ant poisons you!
* * * LOW HITPOINT WARNING * * *
You feel sick. The worker ant bites you.
You die...

....# ##.#...(..... #... #.##
#.#.........##... # #.
#..W.............
.o#.########.........###.. #
........................(# .
#......?oW....###.##### #
#................. # .
#.##......aa.....#### # .
#.##.....@..........#### # .
#.##....>........##....# # .
###.##.....###.##### ##.# # #
..........###...## #.###
##..##......####..#### #....
#..†##...............###.... ####
#...##.....######..#........
...###...#########...............
##...#.............####.#########


You could see a phantom, Blork the orc, 2 worker ants and miniman03's ghost.

Vanquished Creatures
  2 oozes
  A worm (D:3)
  3 dart slugs (D:1)
  4 orcs (D:3)
  4 giant cockroaches
  5 goblins
  3 hobgoblins
  3 jackals (D:1)
  2 kobolds
  3 bats
  3 frilled lizards
  8 rats
41 creatures vanquished.

Notes
Turn   | Place    | Note
-------+----------+-------------------------------------------
     0 | D:1      | Furrybunnyboi the Spriggan Enchanter began the quest for the Orb.
     0 | D:1      | Reached XP level 1. HP: 9/9 MP: 5/5
   254 | D:1      | Reached XP level 2. HP: 10/13 MP: 4/6
   417 | D:1      | Learned a level 2 spell: Ensorcelled Hibernation
   691 | D:2      | Reached XP level 3. HP: 8/16 MP: 1/8
  1186 | D:3      | Learned a level 3 spell: Dazzling Spray
  1190 | D:3      | Learned a level 3 spell: Tukima's Dance
  1646 | D:4      | Noticed miniman03's ghost (amateur MfAs)
  1751 | D:4      | Noticed a phantom
  1752 | D:4      | Noticed Blork the orc
  1786 | D:4      | Slain by a worker ant

Skill      XL: |  1  2  3 |
---------------+----------+-----
Spellcasting   | 3 |  3.5
Hexes          | 4 |  4.1
Short Blades   | 2 |  2.1
Fighting       | |  0.2
Dodging        | |  3.5
Stealth        | |  4.9

Action                   || total
-------------------------++-------
Melee: Dagger            ||   159
 Cast: Corona            ||    12
       Ensorcelled Hiber ||    24
       Tukima's Dance    ||     5
  Use: Scroll            ||     6
 Stab: Sleeping          ||    12
  Eat: Fruit             ||     1
Armor: Robe              ||    21
Dodge: Dodged            ||   131
